 Dungeon Crawl Stone Soup version 0.30.1-11-g7821555f0a (webtiles) character file.

Game seed: 17944479977754920452

1 KittyFluff the Trooper (level 1, -2/14 HPs)
             Began as a Gargoyle Berserker on Nov 8, 2023.
             Was a Follower of Trog.
             Slain by a kobold
             ... wielding a +0 club
              (4 damage)
             ... on level 1 of the Dungeon.
             The game lasted 00:00:16 (25 turns).

KittyFluff the Trooper (Gargoyle Berserker)           Turns: 25, Time: 00:00:16

Health: -2/14      AC:  4    Str: 20    XL:     1   Next: 20%
Magic:  1/1        EV: 11    Int:  7    God:    Trog [*.....]
Gold:   0          SH:  0    Dex:  9    Spells: 0/0 levels left

rFire   . . .        a - +0 mace
rCold   . . .        (no shield)
rNeg    + . .        b - +0 animal skin
rPois   ∞            (no helmet)
rElec   +            (no cloak)
rCorr   .            (no gloves)
SInv    .            (no boots)
Will    .....        (no amulet)
Stlth   +            (no ring)
HPRegen 0.22/turn    (no ring)
MPRegen 0.07/turn

%: no passive effects
@: no status effects
A: sickness immunity, AC +2, negative energy resistance 1, electricity
resistance, torment resistance 1, petrification resistance
a: Renounce Religion, Berserk


You were on level 1 of the Dungeon.
You worshipped Trog.
Trog was aware of your devotion.
You visited 1 branch of the dungeon, and saw 1 of its levels.

Inventory:

Hand Weapons
 a - a +0 mace (weapon)
Armour
 b - a +0 animal skin (worn)


   Skills:
 + Level 3.3 Fighting
 * Level 3.0 Maces & Flails
 * Level 2.2 Armour
 + Level 1.5 Dodging
 + Level 0.0 Stealth


You couldn't memorise any spells.
You didn't know any spells.
Your spell library was empty.

Dungeon Overview and Level Annotations

Branches:
Dungeon (1/15)

Altars:


Innate Abilities, Weirdness & Mutations

You are immune to sickness and miasma.
Your stone body is resilient. (AC +2)
You are immune to poison.
You resist negative energy. (rN+)
You are resistant to electric shocks. (rElec)
You are resistant to unholy torment.
You are immune to petrification.


Message History

Welcome, KittyFluff the Gargoyle Berserker.
A smirking vizier told you that the Orb of Zot is just within this dungeon.
Trog says: Kill them all!
Press ? for a list of commands and other information.
Found two stairs.
You enter the shallow water.
Moving in this stuff is going to be slow.
Found 8 stones.
A quokka comes into view.
Found a robe.
A kobold comes into view. It is wielding a +0 club.
You barely miss the quokka. The quokka bites you.
You miss the quokka. The quokka completely misses you.
The quokka barely misses you.
You closely miss the quokka.
The kobold shouts!
The quokka bites you.
You hit the quokka.
The quokka is moderately wounded.
The quokka closely misses you.
The kobold throws a stone.
The stone hits you but does no damage. The quokka barely misses you.
You hit the quokka.
You kill the quokka!
Trog accepts your kill.
The kobold throws a stone.
The stone hits you.
The kobold throws a stone.
The stone barely misses you. The kobold hits you with a +0 club.
You closely miss the kobold. The kobold hits you with a +0 club.
The kobold closely misses you.
You hit the kobold but do no damage. The kobold hits you with a +0 club.
* * * LOW HITPOINT WARNING * * *
You miss the kobold. The kobold hits you with a +0 club.
* * * LOW HITPOINT WARNING * * *
You hit the kobold but do no damage. The kobold hits you with a +0 club.
You die...

.......#.≈≈≈≈~~~≈≈≈.≈≈≈≈
.......#.~≈≈~≈≈≈~≈≈.≈≈≈≈
##.......≈~~≈≈≈≈<..≈≈≈≈≈
.........≈≈≈≈≈≈..>≈≈≈≈~~
.......(.≈≈≈≈≈.≈≈~≈≈≈~≈≈
.........≈≈≈≈≈.≈≈≈~~~≈≈≈
.........≈≈≈≈≈.≈≈≈≈≈≈≈≈≈
.........≈≈≈8≈≈.≈≈≈≈≈8≈≈
.......@..≈≈≈≈≈≈.≈≈≈≈≈≈≈
.......K...≈≈≈≈≈.≈≈≈≈≈≈.
......#.##..≈≈≈.
......+.. ......
......##. .##... ......
.# ## ..... .. .... ##


You could see a kobold.

Vanquished Creatures
  A quokka (D:1)
1 creature vanquished.

Notes
Turn   | Place    | Note
-------+----------+-------------------------------------------
     0 | D:1      | KittyFluff the Gargoyle Berserker began the quest for the
                  | Orb.
     0 | D:1      | Reached XP level 1. HP: 14/14 MP: 1/1
    25 | D:1      | Slain by a kobold

Illustrated notes

Levels and vault maps discovered:
D:1:      nzn_arrival_water_spiral, layout_basic

Action                     || total
---------------------------++-------
  Melee: Mace              ||     9
 Armour: Animal skin       ||     1
  Dodge: Dodged            ||     6
